[Event "Live Chess"]
[Site "Chess.com"]
[Date "2023.05.21"]
[Round "-"]
[White "Conradical12"]
[Black "EdenHazard8"]
[Result "0-1"]
[WhiteElo "1516"]
[BlackElo "1938"]
[TimeControl "300"]
[EndTime "8:29:13 PDT"]
[Termination "EdenHazard8 won by resignation"]

1. e4 c6 2. Nf3 d5 3. exd5 cxd5 4. d4 Nc6 5. Nc3 Bg4 6. Bf4 e6 7. Be2 a6 8. a4 Bd6 9. Bg3 Nf6 10.
Qd3 Bf5 11. Qd2 Bb4 12. O-O-O Ne4 13. Qe3 Nxc3 14. bxc3 Ba3+ 15. Kb1 Qb6+ 16. Bb5 axb5 17. Bc7 Qxc7 18. Ka2 b4 19. c4 dxc4 20. d5 Rxa4 21.
dxe6 O-O 22. exf7+ Kh8 23. Qe8 Qxf7 24. Rd8 Rxe8 25.
Ng5 Qf8 0-1

[Event "Live Chess"]
[Site "Chess.com"]
[Date "2023.05.21"]
[Round "-"]
[White "BillythekidFellowes"]
[Black "LiamClery2020"]
[Result "1-0"]
[WhiteElo "2129"]
[BlackElo "1995"]
[TimeControl "300"]
[EndTime "8:29:19 PDT"]
[Termination "BillythekidFellowes won by resignation"]

1. e4 Nf6 2. Nc3 e5 3. Nf3 Nc6 4. Bb5 Bb4 5. O-O O-O 6. Bxc6 dxc6 7. Nxe5 Bxc3 8. dxc3 Qxd1 9. Rxd1 Nxe4 10. Be3 Be6 11. f3 Nf6 12. Rd2 Nd5 13. Bf2 a6 14.
Rad1 Rad8 15. c4 1-0

[Event "Live Chess"]
[Site "Chess.com"]
[Date "2023.05.21"]
[Round "-"]
[White "TheAuditer"]
[Black "boilerboy1"]
[Result "0-1"]
[WhiteElo "1370"]
[BlackElo "1050"]
[TimeControl "300"]
[EndTime "8:29:24 PDT"]
[Termination "boilerboy1 won by resignation"]

1. d4 Nf6 2. c4 g6 3. Nf3 Bg7 4. Nc3 c5 5. d5 O-O 6. e4 d6 7.
Bd3 Nbd7 8. O-O Ng4 9. h3 Nge5 10.
Nxe5 Nxe5 11. Be2 a6 12. f4 Nd7 13. Qc2 Bd4+ 14. Kh1 Nb6 15. b3 Bd7 16. Bf3 Nc8 17.
Bd2 e6 18. Rae1 exd5 19. exd5 Ne7 20. Be3 Nf5 21. Bxd4 Nxd4 22. Bd1 Nxc2 0-1

[Event "Live Chess"]
[Site "Chess.com"]
[Date "2023.05.21"]
[Round "-"]
[White "RichardABates"]
[Black "jimwad"]
[Result "1-0"]
[WhiteElo "2186"]
[BlackElo "1217"]
[TimeControl "300"]
[EndTime "8:29:27 PDT"]
[Termination "RichardABates won by resignation"]

1. d4 d5 2. c4 c6 3. Nc3 Nf6 4. cxd5 Nxd5 5. e4 Nxc3 6. bxc3 e6 7. Nf3 Qf6 8. Bd3 Be7 9. e5 Qxf3 10. Qxf3 O-O 11. h4 Nd7 12. h5 h6 13. Qe4 f5 14.
exf6 Nxf6 15. Qg6 Bd7 16. Bxh6 Rf7 17. Bg5 Be8 18. Bxf6 Rxf6 19. Qh7+ Kf7 20. Bg6+ Rxg6 21. hxg6+ 1-0

[Event "Live Chess"]
[Site "Chess.com"]
[Date "2023.05.21"]
[Round "-"]
[White "Long1968"]
[Black "MarkLim1"]
[Result "0-1"]
[WhiteElo "967"]
[BlackElo "1709"]
[TimeControl "300"]
[EndTime "8:29:31 PDT"]
[Termination "MarkLim1 won on time"]

1. e4 d5 2. exd5 Qxd5 3. Nc3 Qd6 4. d4 Nf6 5. Nf3 c6 6. Be2 g6 7. Bg5 Bg7 8. Ne5 O-O 9. h4 Nbd7 10. Qd2 Nxe5 11. dxe5 Qxe5 12. Bf4 Qa5 13. O-O Bf5 14. Bf3 Rad8 15. Qe2 Rd7 16. g4 Be6 17. g5 Nd5 18.
Nxd5 Bxd5 19. Bxd5 Rxd5 20. Qxe7 Bxb2 21. Rab1 Qxa2 22.
Bd6 Rxd6 23. Qxd6 Bg7 0-1

[Event "Live Chess"]
[Site "Chess.com"]
[Date "2023.05.21"]
[Round "-"]
[White "robotking06"]
[Black "ramses-IIG"]
[Result "1-0"]
[WhiteElo "352"]
[BlackElo "858"]
[TimeControl "300"]
[EndTime "8:29:31 PDT"]
[Termination "robotking06 won by resignation"]

1. e4 d5 2. exd5 Qxd5 3. Nc3 Qe6+ 4. Nge2 Qg6 5. Nf4 Qf6 6. Nfd5 Qc6 7. Bb5 Bg4 8. f3 Qxb5 9. Nxb5 Bxf3 10. Qxf3 e6 11. Ndxc7+ 1-0

[Event "Live Chess"]
[Site "Chess.com"]
[Date "2023.05.21"]
[Round "-"]
[White "zdanevych"]
[Black "Tiltador"]
[Result "1-0"]
[WhiteElo "1462"]
[BlackElo "905"]
[TimeControl "300"]
[EndTime "8:29:39 PDT"]
[Termination "zdanevych won by resignation"]

1. d3 e5 2. e4 f6 3. Nf3 d6 4. d4 Bg4 5. h3 Bxf3 6. Qxf3 Nc6 7. d5 Nd4 8. Qd1 g6 9. c3 Nc6 10. dxc6 bxc6 11. Be2 Bg7 12. O-O Ne7 13. Be3 O-O 14. Nd2 d5 15. exd5 Nxd5 16. Bc4 Kh8 17.
Bxd5 Qxd5 18. Nb3 f5 19. Qxd5 cxd5 20. Rad1 Rfd8 21. Nc5 c6 22. Ne6 Rd7 23. Nxg7 Kxg7 24. Bc5 e4 25. Rfe1 Re8 26. Bd4+ Kg8 27. Re3 a5 28. f3 a4 29. fxe4 fxe4 30. Rf1 Rf8 31.
Rxf8+ Kxf8 32. Re2 Kg8 33. Rf2 Rf7 34. Rxf7 Kxf7 35.
Kf2 Ke6 36. Ke3 Kf5 37. g3 h5 38. b3 axb3 39. axb3 g5 40. c4 dxc4 41. bxc4 g4 42. hxg4+ hxg4 43. c5 Ke6 44. Kxe4 Kf7 45. Kf5 Kg8 46.
Kxg4 Kf7 47. Kf5 Ke7 48. Ke5 Kf7 49. Kd6 Kg6 50. Kxc6 Kg5 51. Kd6 Kg4 52. Be5 Kf5 53. c6 Ke4 54. c7 Kd3 55. c8=Q 1-0

[Event "Live Chess"]
[Site "Chess.com"]
[Date "2023.05.21"]
[Round "-"]
[White "manthanit"]
[Black "SavagePawn7"]
[Result "1-0"]
[WhiteElo "1105"]
[BlackElo "775"]
[TimeControl "300"]
[EndTime "8:29:46 PDT"]
[Termination "manthanit won by resignation"]

1. e4 d5 2. exd5 Nf6 3. Nc3 Nxd5 4. Nxd5 Qxd5 5. Nf3 Nc6 6. Be2 Bg4 7. d3 O-O-O 8.
O-O e6 9. h3 Bxf3 10. Bxf3 Qe5 11. Re1 Qd6 12. Be3 Nd4 13. c3 Nxf3+ 14. Qxf3 Qd7 15.
Bxa7 Bd6 16. d4 Rhe8 17. Rad1 Qe7 18. b4 e5 19. dxe5 Bxe5 20. Rxd8+ Rxd8 21. Qf5+ Rd7 22. Qxe5 Qxe5 23. Rxe5 1-0

[Event "Live Chess"]
[Site "Chess.com"]
[Date "2023.05.21"]
[Round "-"]
[White "slava_ukr"]
[Black "HonestJoe1"]
[Result "1-0"]
[WhiteElo "2346"]
[BlackElo "2091"]
[TimeControl "300"]
[EndTime "8:29:50 PDT"]
[Termination "slava_ukr won by resignation"]

1. e4 c5 2. Nc3 a6 3. f4 b5 4. Nf3 Bb7 5. d3 e6 6. g3 d5 7. e5 b4 8. Ne2 Ne7 9. Bg2 Nf5 10.
g4 Nh4 11. Nxh4 Qxh4+ 12. Ng3 Nc6 13. O-O c4 14. d4 Qd8 15. Be3 Be7 16. Qf3 g6 17. f5 Rf8 18. f6 1-0

[Event "Live Chess"]
[Site "Chess.com"]
[Date "2023.05.21"]
[Round "-"]
[White "Doge_Dandolo"]
[Black "Rusty_Bridges"]
[Result "1-0"]
[WhiteElo "1850"]
[BlackElo "1520"]
[TimeControl "300"]
[EndTime "8:29:54 PDT"]
[Termination "Doge_Dandolo won by resignation"]

1. Nf3 d5 2. c4 d4 3. b4 Nf6 4. d3 Bg4 5. Nbd2 e6 6. Qb3 Be7 7. g3 O-O 8. Bg2 c6 9. O-O a5 10. b5 Bb4 11. a3 Bxd2 12. Bxd2 Qc7 13. Bf4 Qd7 14. Ne5 Qe8 15. Rfe1 h5 16. Rab1 c5 17.
Bxb7 Ra7 18. Bg2 a4 19. Qc2 Nbd7 20. Nxd7 Nxd7 21. Rb2 e5 22. Bc1 Nb6 23. h3 Be6 24. e3 f5 25. exd4 exd4 26. h4 Qf7 27. Bg5 g6 28. Qc1 Re8 29. Rbe2 Nd7 30. Rxe6 Rxe6 31. Rxe6 Qxe6 32. Bd5 1-0

[Event "Live Chess"]
[Site "Chess.com"]
[Date "2023.05.21"]
[Round "-"]
[White "raminguy"]
[Black "stevochess11"]
[Result "1-0"]
[WhiteElo "1937"]
[BlackElo "1663"]
[TimeControl "300"]
[EndTime "8:30:14 PDT"]
[Termination "raminguy won by checkmate"]

1. d4 Nf6 2. Nc3 d5 3. Bf4 g6 4. e3 Bg7 5. h4 c5 6. dxc5 Qa5 7. Bb5+ Bd7 8. Bxd7+ Nbxd7 9. c6 bxc6 10. Ne2 Ne4 11. O-O Nxc3 12. Nxc3 Bxc3 13. bxc3 Qxc3 14. Re1 e5 15. Bh6 e4 16. Qg4 f5 17. Qg5 Kf7 18. Rab1 Rab8 19. Qf4 Rxb1 20. Rxb1 Ke6 21. g3 Qe5 22.
Qg5 Re8 23. Rb7 Qa1+ 24. Kg2 Qxa2 25. h5 Qxc2 26. hxg6 hxg6 27. Qxg6+ Nf6 28. Qf7+ Ke5 29. Bf4# 1-0

[Event "Live Chess"]
[Site "Chess.com"]
[Date "2023.05.21"]
[Round "-"]
[White "PaulyD81"]
[Black "DfNn"]
[Result "0-1"]
[WhiteElo "1141"]
[BlackElo "1546"]
[TimeControl "300"]
[EndTime "8:30:16 PDT"]
[Termination "DfNn won by resignation"]

1. d4 f5 2. c4 Nf6 3. Nc3 b6 4.
e3 Bb7 5. Nf3 e6 6. Be2 Be7 7.
O-O O-O 8. Qc2 Qe8 9. h3 Qg6 10. Ne5 Qe8 11. Nf3 d6 12. Re1 Qg6 13. b3 Ne4 14.
Bb2 Nd7 15. Rad1 Ndf6 16. d5 e5 17. Bd3 Bc8 18. Nxe4 fxe4 19. Nh4 Qh5 20. Be2 Qxh4 21. g3 Qxh3 22. c5 Ng4 23. Bxg4 Bxg4 24. Rd2 Bf3 0-1

[Event "Live Chess"]
[Site "Chess.com"]
[Date "2023.05.21"]
[Round "-"]
[White "youtookmyhorse"]
[Black "EdenHazard8"]
[Result "0-1"]
[WhiteElo "770"]
[BlackElo "1938"]
[TimeControl "300"]
[EndTime "8:30:17 PDT"]
[Termination "EdenHazard8 won by resignation"]

1. e4 e5 2. Nc3 Nc6 3. Nf3 Bc5 4.
Bb5 d6 5. O-O Nf6 6. d3 Bg4 7. Bg5 h6 8. Bxf6 Qxf6 9. Nd5 Qd8 10. Qe2 O-O 11. Rad1 Nd4 12. Bc4 Nxe2+ 0-1

[Event "Live Chess"]
[Site "Chess.com"]
[Date "2023.05.21"]
[Round "-"]
[White "Conradical12"]
[Black "LiamClery2020"]
[Result "0-1"]
[WhiteElo "1515"]
[BlackElo "1996"]
[TimeControl "300"]
[EndTime "8:30:35 PDT"]
[Termination "LiamClery2020 won by resignation"]

1. e4 Nf6 2. e5 Nd5 3. d4 d6 4. Nf3 dxe5 5. Nxe5 c6 6. c4 Nb4 7. a3 Qxd4 8. axb4 Qxe5+ 9. Qe2 Qxe2+ 10. Bxe2 g6 11.
O-O Bg7 12. Nc3 O-O 13. Be3 Be6 14. Rae1 Nd7 15. Bf3 Ne5 16. Bg5 Nxf3+ 17. gxf3 Bxc4 18. Ne2 Rfe8 0-1

[Event "Live Chess"]
[Site "Chess.com"]
[Date "2023.05.21"]
[Round "-"]
[White "Man-Del-Brot"]
[Black "WelshTiger"]
[Result "0-1"]
[WhiteElo "1079"]
[BlackElo "2335"]
[TimeControl "300"]
[EndTime "8:30:40 PDT"]
[Termination "WelshTiger won on time"]

1. g4 c6 2. h4 d5 3. g5 h6 4. d3 hxg5 5. Bxg5 Nf6 6. Bg2 e5 7. e3 Be7 8. Nd2 Nbd7 9. Qe2 Nf8 10. O-O-O Ne6 11. Bxf6 Bxf6 12. e4 d4 13. Qf1 b5 14.
f4 Nxf4 15. Nb3 a5 16. Bh3 Rxh4 17. Bg2 Rxh1 18. Bxh1 a4 19. Nd2 a3 20. b3 Qe7 21.
Ndf3 Qc5 22. Qe1 Bg4 23. b4 Qd6 24. c3 dxc3 25. Qxc3 Ra4 26. Qc5 Qxc5+ 27. bxc5 Ne6 28. Kc2 Nxc5 29. Nd2 Bxd1+ 30. Kxd1 Nxd3 31. Kc2 Nf2 32. Bf3 Bg5 0-1

[Event "Live Chess"]
[Site "Chess.com"]
[Date "2023.05.21"]
[Round "-"]
[White "Singapourfeuj"]
[Black "Tema1107"]
[Result "0-1"]
[WhiteElo "2183"]
[BlackElo "1957"]
[TimeControl "300"]
[EndTime "8:30:46 PDT"]
[Termination "Tema1107 won by resignation"]

1. d4 Nf6 2. Nf3 e6 3. g3 b5 4. Bg2 Bb7 5. O-O c5 6. a4 b4 7.
dxc5 Bxc5 8. Nbd2 O-O 9. Nb3 Be7 10. Bg5 h6 11. Bf4 d6 12. a5 Na6 13. Qd2 e5 14.
Bxh6 gxh6 15. Qxh6 Nh7 16. h4 Qd7 17. Rfd1 Qe6 18.
Qxe6 fxe6 19. Ng5 Bxg2 20. Nxh7 Kxh7 21. Kxg2 Rac8 0-1

[Event "Live Chess"]
[Site "Chess.com"]
[Date "2023.05.21"]
[Round "-"]
[White "chessfiction"]
[Black "Alfiedog12"]
[Result "1-0"]
[WhiteElo "2297"]
[BlackElo "870"]
[TimeControl "300"]
[EndTime "8:30:50 PDT"]
[Termination "chessfiction won by resignation"]

1. d4 d5 2. e4 c6 3. Nc3 dxe4 4. f3 Nf6 5. Bc4 Nbd7 6. Bg5 e6 7. fxe4 Be7 8. Nf3 h6 9. Bh4 O-O 10. O-O Qc7 11. e5 Nd5 12. Nxd5 cxd5 13. Bxe7 Re8 14. Bd6 Qxc4 15. c3 b5 16. Nd2 Qd3 17. Qh5 Qxd2 18. Qxf7+ Kh8 19. Qxe8+ Kh7 20. Rf7 Bb7 21. Qxd7 Qe3+ 22.
Kh1 1-0

[Event "Live Chess"]
[Site "Chess.com"]
[Date "2023.05.21"]
[Round "-"]
[White "JohanKjeldahl"]
[Black "JanMur7"]
[Result "0-1"]
[WhiteElo "1880"]
[BlackElo "1970"]
[TimeControl "300"]
[EndTime "8:31:04 PDT"]
[Termination "JanMur7 won by resignation"]

1. c4 c5 2. Nc3 Nc6 3. Nf3 g6 4. d4 cxd4 5. Nxd4 Bg7 6. e3 d6 7. b3 Nf6 8. Bb2 O-O 9. Be2 e5 10. Nxc6 bxc6 11. O-O d5 12. cxd5 cxd5 13. Rc1 Bb7 14.
Bf3 Rb8 15. Na4 e4 16. Be2 Nd7 17. Bxg7 Kxg7 18. Qd4+ Qf6 19. Rfd1 Qxd4 20. Rxd4 Rfc8 21. Rxc8 Rxc8 22. h3 Rc2 23. Bb5 Ne5 24. a3 Rc1+ 25.
Kh2 Rc2 26. Kg3 h5 27. b4 g5 28. Nc5 h4+ 29. Kh2 Rxf2 30. Nxb7 Nf3+ 31. Kh1 Nxd4 32. exd4 e3 33. Kg1 Ra2 34. Nc5 Ra1+ 35. Kh2 Rxa3 36.
Nd3 e2 37. Ne1 Ra1 38. Nf3 e1=Q 39. Nxe1 Rxe1 40. Bc6 Rd1 41. Bxd5 Rxd4 42. Bc6 Rxb4 0-1

[Event "Live Chess"]
[Site "Chess.com"]
[Date "2023.05.21"]
[Round "-"]
[White "Olisingapore"]
[Black "Pablo_dmp"]
[Result "1-0"]
[WhiteElo "1819"]
[BlackElo "1849"]
[TimeControl "300"]
[EndTime "8:31:16 PDT"]
[Termination "Olisingapore won by resignation"]

1. d4 Nf6 2. c4 e6 3. g3 Bb4+ 4. Nd2 b6 5. Bg2 d5 6. cxd5 Nxd5 7. a3 Be7 8. e4 Nf6 9. Ngf3 Bb7 10. O-O Nxe4 11. Nxe4 Bxe4 12. Re1 Bb7 13. Bf4 Nd7 14. Rc1 Rc8 15. Qa4 O-O 16. Qxa7 Bxf3 17. Bxf3 c5 18. Bb7 Rc7 19. Bxc7 Qxc7 20. dxc5 Nxc5 21. b4 Qxb7 22. Qxb7 Nxb7 23. Rc7 Bxb4 24. axb4 Nd6 25. Rec1 Nb5 26. Rc8 Nd4 27. Rxf8+ Kxf8 28. Rc8+ Ke7 29. Rh8 h6 30. Rg8 Kf6 31. Rb8 b5 32. f4 Kf5 33. Kf2 f6 34.
Ke3 e5 35. fxe5 fxe5 36. Rc8 Nc2+ 37. Rxc2 1-0

[Event "Live Chess"]
[Site "Chess.com"]
[Date "2023.05.21"]
[Round "-"]
[White "GEMdzq"]
[Black "LordBenin"]
[Result "1-0"]
[WhiteElo "2226"]
[BlackElo "1401"]
[TimeControl "300"]
[EndTime "8:31:19 PDT"]
[Termination "GEMdzq won by resignation"]

1. e4 c6 2. d4 d5 3. e5 Bf5 4. h4 h5 5. c4 e6 6. Nc3 Nd7 7. cxd5 cxd5 8. Bd3 Bxd3 9. Qxd3 a6 10. Nf3 Ne7 11. Bg5 Qc7 12. O-O Nf5 13. Nxd5 exd5 14. Qxf5 Nb6 15. e6 f6 16. Qg6+ Ke7 17. Rac1 Qd6 18.
Qf7+ Kd8 19. Bxf6+ gxf6 20. Qxf6+ Qe7 21. Qxh8 Nc4 22.
b3 Nd6 23. Ne5 Qg7 24. Qxh5 Ne4 25. Nf7+ 1-0

[Event "Live Chess"]
[Site "Chess.com"]
[Date "2023.05.21"]
[Round "-"]
[White "Doge_Dandolo"]
[Black "ZackirtyChess"]
[Result "1-0"]
[WhiteElo "1850"]
[BlackElo "1162"]
[TimeControl "300"]
[EndTime "8:31:21 PDT"]
[Termination "Doge_Dandolo won by resignation"]

1. Nf3 Nf6 2. c4 Nc6 3. g3 d5 4.
cxd5 Nxd5 5. Nc3 Nf6 6. Bg2 e5 7. d3 Bb4 8. O-O Bg4 9. a3 Ba5 10. b4 Bb6 11. b5 a6 12. bxc6 bxc6 13. Nxe5 Qd7 14. Bxc6 Qxc6 15. Nxc6 Bxf2+ 16. Rxf2 Bxe2 17. Rxe2+ Kd7 18. Ne5+ Kd6 19. Bf4 Kc5 20. Ne4+ 1-0

[Event "Live Chess"]
[Site "Chess.com"]
[Date "2023.05.21"]
[Round "-"]
[White "gmnorfolk"]
[Black "Missedidea"]
[Result "1-0"]
[WhiteElo "2116"]
[BlackElo "1774"]
[TimeControl "300"]
[EndTime "8:31:27 PDT"]
[Termination "gmnorfolk won on time"]

1. d4 Nf6 2. c4 g6 3. Nc3 Bg7 4. e4 d6 5. Be2 O-O 6. Be3 e5 7.
d5 c5 8. h4 h5 9. Qd2 Nbd7 10. f3 a6 11. a4 Rb8 12. Nh3 Qa5 13. O-O Qb4 14. Qc2 Qb6 15. a5 Qc7 16. Rfb1 Nh7 17. b4 f5 18. b5 f4 19. Bf2 Ndf6 20. bxa6 bxa6 21. Rxb8 Qxb8 22. Rb1 Qc7 23. Rb6 Bxh3 24.
gxh3 Qd7 25. Kh2 g5 26. Qb3 g4 27. Rb7 Qc8 28. Kg2 gxh3+ 29. Kh2 Ng4+ 30. fxg4 hxg4 31. Qb6 g3+ 32. Bxg3 fxg3+ 33. Kxg3 Qd8 34. Qxd8 Rxd8 35. Bg4 Nf6 36. Be6+ Kh8 37. Kxh3 Nh5 38. Ne2 Bh6 39. Rd7 Rxd7 40. Bxd7 Bd2 41. Bc8 Bxa5 42. Kg4 Nf6+ 43. Kf5 Kg7 44. Ke6 Be1 45. Kxd6 Nxe4+ 46. Kxe5 Nd2 47.
Bxa6 Bxh4 48. d6 Kf7 49. Kd5 Nb3 50. Bb5 Bd8 51. Nf4 Bb6 52. Kc6 Bd8 53. Nd5 Nd4+ 54. Kd7 Nxb5 55. cxb5 Ba5 56. b6 c4 57. b7 c3 58. Nxc3 Bxc3 59. b8=Q Bf6 60. Qe8+ Kg7 61. Qe7+ 1-0

[Event "Live Chess"]
[Site "Chess.com"]
[Date "2023.05.21"]
[Round "-"]
[White "robotking06"]
[Black "raminguy"]
[Result "0-1"]
[WhiteElo "352"]
[BlackElo "1937"]
[TimeControl "300"]
[EndTime "8:31:27 PDT"]
[Termination "raminguy won by resignation"]

1. e4 e5 2. d4 exd4 3. Qxd4 Nc6 4.
Qd5 Nf6 5. Qf5 d5 6. Qf4 Bd6 7. Qg5 O-O 8. Bb5 h6 9. Qh5 Nxh5 10. g4 Bxg4 11. h3 0-1

[Event "Live Chess"]
[Site "Chess.com"]
[Date "2023.05.21"]
[Round "-"]
[White "OceanFloater"]
[Black "Biranidun"]
[Result "0-1"]
[WhiteElo "1033"]
[BlackElo "2520"]
[TimeControl "300"]
[EndTime "8:31:29 PDT"]
[Termination "Biranidun won by checkmate"]

1. e4 c5 2. Nf3 d6 3. Nc3 Nf6 4. Bc4 g6 5. d4 cxd4 6. Nxd4 Bg7 7. O-O O-O 8. Bg5 Nc6 9. Nxc6 bxc6 10. Qd2 Rb8 11. Bb3 Be6 12. Bh6 Bxh6 13. Qxh6 Qa5 14. Qe3 Nd7 15. a3 Bxb3 16. cxb3 Rxb3 17. Rac1 Rxb2 18.
Ra1 Rb3 19. Rfc1 Rfb8 20. f4 Rxa3 21. Rxa3 Qxa3 22. Ne2 Qxe3+ 23. Kh1 Qxe2 24. h3 Rb2 25. Rg1 Nf6 26. e5 Nh5 27. h4 Qf2 28. Kh2 Qxh4# 0-1

[Event "Live Chess"]
[Site "Chess.com"]
[Date "2023.05.21"]
[Round "-"]
[White "lHolyDiverl"]
[Black "davigator"]
[Result "0-1"]
[WhiteElo "555"]
[BlackElo "2307"]
[TimeControl "300"]
[EndTime "8:31:36 PDT"]
[Termination "davigator won on time"]

1. d4 Nf6 2. Nc3 d5 3. Bf4 c5 4.
e3 Bd7 5. Nf3 Qb6 6. Rb1 e6 7.
a4 a6 8. Ne5 Be7 9. b3 cxd4 10.
exd4 Bb4 11. Qd3 Ne4 12. Nxd7 Nxd7 13. Bd2 Nxd2 14. Qxd2 Qa5 0-1

[Event "Live Chess"]
[Site "Chess.com"]
[Date "2023.05.21"]
[Round "-"]
[White "TheSmoulderingMaster"]
[Black "KeithArkell"]
[Result "0-1"]
[WhiteElo "1663"]
[BlackElo "2455"]
[TimeControl "300"]
[EndTime "8:31:42 PDT"]
[Termination "KeithArkell won by resignation"]

1. e4 c6 2. d4 d5 3. Nd2 dxe4 4. Nxe4 Nd7 5. Nf3 Ngf6 6. Nxf6+ Nxf6 7. h3 Bf5 8. c3 e6 9. Bd3 Bxd3 10. Qxd3 Be7 11.
O-O O-O 12. Ne5 Nd7 13. Nxd7 Qxd7 14. Bf4 c5 15. Be3 Bf6 16. Rfd1 Rfd8 17. Qe4 cxd4 18. Bxd4 Bxd4 19. cxd4 Qd5 20. Qxd5 Rxd5 21. Rac1 Rd7 22. Rc4 Rad8 23. f3 g5 24. Kh2 Kg7 25. Ra4 a6 26.
Kg3 Kg6 27. a3 h5 28. Kf2 h4 29. Ke3 Rd5 30. Rb4 b5 31. a4 Kf5 32. axb5 axb5 33.
Ra1 Rc8 34. Rd1 Rc2 35. Rd2 Rxd2 36. Kxd2 Kf4 37. Ke2 Kg3 38. Kf1 f5 39. Kg1 e5 40.
Kf1 exd4 41. Rb3 d3 42. Ke1 Kxg2 0-1

[Event "Live Chess"]
[Site "Chess.com"]
[Date "2023.05.21"]
[Round "-"]
[White "AttackingSnowLeopard"]
[Black "Crowded_House"]
[Result "1-0"]
[WhiteElo "2166"]
[BlackElo "1616"]
[TimeControl "300"]
[EndTime "8:31:48 PDT"]
[Termination "AttackingSnowLeopard won by resignation"]

1. d4 e6 2. c4 d5 3. Nf3 c6 4. e3 Nf6 5. Nc3 Bd6 6. Qc2 Nbd7 7. b3 h6 8. Be2 O-O 9. O-O Qc7 10. Bb2 e5 11. cxd5 cxd5 12. dxe5 Nxe5 13. h3 Nxf3+ 14. Bxf3 Be6 15. Rac1 Rac8 16. Qd3 Qb6 17. Nxd5 Nxd5 18. Bxd5 Rxc1 19. Rxc1 Bxd5 20. Qxd5 Be7 21. Qd4 Qxd4 22.
Bxd4 Rb8 23. a4 b6 24. Rc7 Bc5 25. Rxa7 Bxd4 26. exd4 b5 27. a5 Rd8 28. Rb7 Rxd4 29.
Rxb5 Rd1+ 30. Kh2 Ra1 31. b4 Ra2 32. Kg3 Ra3+ 33. f3 Kf8 34. Rb6 Ra4 35. a6 Ke7 36. b5 Kd7 37. Rb7+ Kc8 38. Rxf7 Rb4 39. a7 Ra4 40. b6 1-0

[Event "Live Chess"]
[Site "Chess.com"]
[Date "2023.05.21"]
[Round "-"]
[White "Ian-Morley"]
[Black "romchyk1219"]
[Result "1/2-1/2"]
[WhiteElo "1103"]
[BlackElo "670"]
[TimeControl "300"]
[EndTime "8:31:56 PDT"]
[Termination "Game drawn - timeout vs insufficient material"]

1. d4 Nf6 2. b3 g6 3. Bb2 Bg7 4. e3 d5 5. Bb5+ c6 6. Bd3 O-O 7. Nd2 Nbd7 8. h4 Nb6 9. g4 Re8 10. g5 Nfd7 11. f4 Nf8 12. h5 gxh5 13. Qxh5 f6 14.
Bxh7+ Nxh7 15. Qxh7+ Kf7 16. g6+ Ke6 17. f5+ Kxf5 18.
Rh5+ Kg4 19. Qxg7 Rg8 20. Qh6 Bf5 21. Rh4+ Kg3 22. Qf4+ Kg2 23. Qf1+ Kg3 24. Qf3+ Kxh4 25. O-O-O Bg4 26. Qf2+ Kg5 27. Ndf3+ Bxf3 28. Qxf3 Kxg6 29.
Nh3 Kf7 30. Rg1 Rxg1+ 31. Nxg1 Qd6 32. Qh5+ Ke6 33. c4 Kd7 34. cxd5 cxd5 35. Qf5+ Kc7 36. Nf3 Rc8 37. Kd2 Kb8 38. Bc1 Qb4+ 39. Kd3 Qc3+ 40. Ke2 Qxc1 41. Qf4+ Qc7 42. Nh4 Qxf4 43. exf4 Rc2+ 44.
Kd3 Rxa2 45. Nf5 e6 46. Nd6 Ra3 47. Kc2 Ra2+ 48. Kc3 Re2 49. f5 exf5 50. Nxf5 a5 51. Nd6 a4 52. bxa4 Nxa4+ 53. Kd3 Re6 54. Nb5 b6 55.
Na3 Nb2+ 56. Kd2 Na4 57. Nb5 Rc6 58. Ke1 Rc4 59. Nd6 Rxd4 60. Nf5 b5 61. Nxd4 b4 62. Nb3 1/2-1/2

[Event "Live Chess"]
[Site "Chess.com"]
[Date "2023.05.21"]
[Round "-"]
[White "WelshTiger"]
[Black "LiamClery2020"]
[Result "0-1"]
[WhiteElo "2321"]
[BlackElo "2010"]
[TimeControl "300"]
[EndTime "8:32:06 PDT"]
[Termination "LiamClery2020 won by resignation"]

1. e4 Nf6 2. e5 Nd5 3. d4 d6 4.
c4 Nb6 5. f4 dxe5 6. fxe5 Nc6 7. Be3 Bf5 8. Nc3 e6 9. Nf3 Be7 10. d5 exd5 11. cxd5 Nb4 12. Nd4 Bd7 13. Qf3 O-O 14.
a3 c5 15. dxc6 Nxc6 16. Nxc6 Bxc6 17. Qg3 Bh4 0-1

[Event "Live Chess"]
[Site "Chess.com"]
[Date "2023.05.21"]
[Round "-"]
[White "Tema1107"]
[Black "Conradical12"]
[Result "1-0"]
[WhiteElo "1958"]
[BlackElo "1514"]
[TimeControl "300"]
[EndTime "8:32:12 PDT"]
[Termination "Tema1107 won by resignation"]

1. d4 d5 2. Nf3 Nc6 3. c4 Nf6 4. Nc3 Bf5 5. cxd5 Nb4 6. Qa4+ c6 7.
Qxb4 e5 8. Qxb7 Qd7 9. Qxa8+ Ke7 10. Nxe5 Qd6 11. Nxc6+ 1-0

[Event "Live Chess"]
[Site "Chess.com"]
[Date "2023.05.21"]
[Round "-"]
[White "jagbama"]
[Black "DRS44"]
[Result "1-0"]
[WhiteElo "1202"]
[BlackElo "1222"]
[TimeControl "300"]
[EndTime "8:32:22 PDT"]
[Termination "jagbama won by resignation"]

1. e4 e5 2. Nf3 d5 3. exd5 Bd6 4. Nc3 Nf6 5. Bc4 e4 6. Ng5 Bg4 7. f3 exf3 8. gxf3 Qe7+ 9. Qe2 O-O 10. fxg4 Na6 11.
Qxe7 Bxe7 12. d3 Rae8 13. Bd2 Nxg4 14. Nge4 f5 15. d6+ Kh8 16. dxe7 Rxe7 17. O-O-O fxe4 18. Nxe4 Nf2 19. Nxf2 Rxf2 20. Rde1 Ref7 21. Bxf7 1-0

[Event "Live Chess"]
[Site "Chess.com"]
[Date "2023.05.21"]
[Round "-"]
[White "FlyingChessKestrel13"]
[Black "onemoretime1975"]
[Result "1-0"]
[WhiteElo "2066"]
[BlackElo "1834"]
[TimeControl "300"]
[EndTime "8:32:22 PDT"]
[Termination "FlyingChessKestrel13 won by resignation"]

1. e4 e6 2. d4 d5 3. exd5 exd5 4. c4 c6 5. Nc3 Nf6 6. Bd3 dxc4 7. Bxc4 Be7 8. Nge2 O-O 9. O-O Nbd7 10. a4 Nb6 11. Ba2 Nbd5 12. Nxd5 Nxd5 13. Nc3 Be6 14. f4 Nxc3 15.
bxc3 Bxa2 16. Rxa2 Qd5 17. Raf2 f5 18. Re2 Bf6 19.
Rfe1 Kf7 20. Ba3 Rfe8 21. Rxe8 Rxe8 22. Rxe8 Kxe8 23. Qe2+ Kf7 24. g3 Qe4 25. Qxe4 fxe4 26. Kf2 b5 27. axb5 cxb5 28. Ke3 Ke6 29. Kxe4 a5 30. d5+ Kd7 31. Kd3 Be7 32. Bc1 Kd6 33. Ba3+ Kd7 34. Bb2 Kd6 35. c4 Kc5 36. cxb5 Kxb5 37.
Bxg7 a4 38. Be5 Kc5 39. Ke4 a3 40. f5 a2 41. f6 Bf8 42. g4 Kc4 43. h4 Bb4 44. f7 Bc3 45. Bxc3 Kxc3 46. f8=Q a1=Q 47. Qg7+ 1-0

[Event "Live Chess"]
[Site "Chess.com"]
[Date "2023.05.21"]
[Round "-"]
[White "viktorskliarov"]
[Black "Ed_Knox"]
[Result "1-0"]
[WhiteElo "2634"]
[BlackElo "1475"]
[TimeControl "300"]
[EndTime "8:32:26 PDT"]
[Termination "viktorskliarov won by checkmate"]

1. e4 d5 2. exd5 Qxd5 3. Nc3 Qd8 4. d4 c6 5. Bc4 Bf5 6. Nf3 e6 7. Ne5 Nd7 8. Qe2 Ngf6 9. O-O Nxe5 10. dxe5 Nd7 11.
g4 Bg6 12. f4 h6 13. f5 exf5 14. gxf5 Bc5+ 15. Kh1 O-O 16. fxg6 Kh8 17. Bxf7 Qh4 18.
Be3 Nxe5 19. Bxc5 Rxf7 20. gxf7 Nd7 21. f8=Q+ Nxf8 22. Rxf8+ Rxf8 23. Bxf8 Qd8 24. Bxg7+ Kxg7 25. Rg1+ Kh7 26. Qe4+ Kh8 27. Qe5+ Kh7 28. Qg7# 1-0